cohdb
Replays
Latest Replays
All Replays
Popular Replays
Top Player Replays
Match Explorer
How It Works
Community
CoH3 Stats
Reddit
Sign in to upload your games and track your stats! →
Sign in with Steam
gg
Match 39805144
Overview
Messages
Build Orders
End
Engineer Squad
Construct Barracks
Selects Special Operations Battlegroup
Riflemen Squad
Riflemen Squad
Grenade Package
Construct Medical Station
Riflemen Squad
Infantry Support Center
Selects Raiding Flares
Selects SSF Commando Squad
SSF Commando Squad
M1 Mortar Team
SSF Commando Squad
Construct Tank Depot
Selects M29 Weasel Recon Vehicle
Selects Mark Vehicle
Selects UNKNOWN (2162291)
aSIISpanky
aSIIDemolitionHammer
Angrybirds
Xufe
0
0
Comments
sign in to comment!
No comments posted yet!